 Dungeon Crawl Stone Soup version 0.29.1-1-gd02db69 (webtiles) character file.

Game seed: 2878131128457121565

3973 Jakhammer1 the Cleaver (level 10, 0/64 HPs)
             Began as a Gargoyle Fighter on Nov 15, 2022.
             Was a Follower of the Shining One.
             Slain by a two-headed ogre
             ... wielding a +0 giant spiked club
              (13 damage)
             ... on level 7 of the Dungeon on Nov 16, 2022.
             The game lasted 00:22:35 (7630 turns).

Jakhammer1 the Cleaver (Gargoyle Fighter)           Turns: 7630, Time: 00:22:35

Health: 0/64       AC: 26    Str: 24    XL:     10   Next: 22%
Magic:  11/11      EV:  8    Int:  9    God:    the Shining One [*.....]
Gold:   401        SH: 10    Dex:  9    Spells: 9/9 levels left

rFire   . . .      SeeInvis .   a - +0 war axe
rCold   . . .      Faith    .   c - +0 buckler
rNeg    + . .      Spirit   .   w - +0 chain mail
rPois   ∞          Reflect  +   (no helmet)
rElec   +          Harm     .   (no cloak)
rCorr   .          Rampage  .   A - +2 pair of gloves
Will    +....                   I - +0 pair of boots {Fly}
Stlth   ..........              e - amulet of reflection
HPRegen 0.20/turn               r - ring of willpower
MPRegen 0.12/turn               z - +4 ring of protection

@: flying, glowing
A: sickness immunity, AC +7, negative energy resistance 1, electricity
resistance, torment resistance 1, petrification resistance
a: Renounce Religion, Divine Shield


You were on level 7 of the Dungeon.
You worshipped the Shining One.
The Shining One was aware of your devotion.
You visited 2 branches of the dungeon, and saw 9 of its levels.
You visited the Abyss 1 time.

You collected 401 gold pieces.

Inventory:

Hand Weapons
 a - a +0 war axe (weapon)
 D - a +0 sling
Missiles
 k - 112 stones (quivered)
Armour
 c - a +0 buckler (worn)
 w - a +0 chain mail (worn)
 A - a +2 pair of gloves (worn)
 I - a +0 pair of boots of flying (worn)
Jewellery
 e - an amulet of reflection (around neck)
 r - a ring of willpower (left hand)
 t - a +6 ring of intelligence
 z - a +4 ring of protection (right hand)
Wands
 J - a wand of flame (7)
 K - a wand of charming (6)
Scrolls
 b - 3 scrolls of summoning {unknown}
 g - 4 scrolls of identify {unknown}
 h - a scroll of brand weapon {unknown}
 j - 2 scrolls of enchant armour {unknown}
 l - a scroll of magic mapping {unknown}
 m - 2 scrolls of poison {unknown}
 n - a scroll of fear {unknown}
 p - a scroll of teleportation {unknown}
 v - a scroll of torment {unknown}
 y - a scroll of noise {unknown}
 F - a scroll of fog {unknown}
 H - a scroll of enchant weapon {unknown}
Potions
 d - a potion of mutation {unknown}
 f - a potion of lignification {unknown}
 i - 2 potions of flight {unknown}
 o - 2 potions of resistance {unknown}
 q - a potion of brilliance {unknown}
 s - a potion of invisibility {unknown}
 u - a potion of magic {unknown}
 x - 2 potions of berserk rage {unknown}
 B - 2 potions of attraction {unknown}
 C - a potion of haste {unknown}
 E - 2 potions of degeneration {unknown}
 G - a potion of heal wounds
 L - a potion of cancellation {unknown}


   Skills:
 + Level 7.7 Fighting
 * Level 8.5 Axes
 + Level 7.8 Armour
 + Level 7.7 Shields
 + Level 2.0 Invocations


You had 9 spell levels left.
You didn't know any spells.
Your spell library contained the following spells:

 Spells                   Type           Power      Damage    Failure   Level
 Beastly Appendage        Tmut           0%         N/A       96%         1
 Magic Dart               Conj           0%         1d3       96%         1
 Searing Ray              Conj           0%         2d4       99%         2
 Wereblood                Tmut           0%         N/A       99%         2
 Conjure Flame            Conj/Fire      0%         6-21      100%        3
 Frozen Ramparts          Ice            0%         1d1       100%        3
 Ignite Poison            Fire/Tmut/Pois 0%         N/A       100%        3
 Spider Form              Tmut/Pois      0%         N/A       100%        3
 Fulminant Prism          Conj/Hex       0%         3d6       100%        4
 Ice Form                 Ice/Tmut       0%         N/A       100%        4
 Olgreb's Toxic Radiance  Pois           0%         N/A       100%        4
 Sticky Flame             Conj/Fire      0%         2d3       100%        4
 Summon Ice Beast         Ice/Summ       0%         N/A       100%        4
 Summon Lightning Spire   Summ/Air       0%         N/A       100%        4
 Summon Forest            Summ/Tloc      0%         N/A       100%        5
 Eringya's Noxious Bog    Tmut/Pois      0%         N/A       100%        6
 Ozocubu's Refrigeration  Ice            0%         4d7       100%        7
 Storm Form               Tmut/Air       0%         N/A       100%        7
 Summon Hydra             Summ           0%         N/A       100%        7
 Ignition                 Fire           0%         3d3       100%        8
 Maxwell's Capacitive Co  Air            0%         ∞         100%        8


Dungeon Overview and Level Annotations

Branches:
Dungeon (8/15)             Temple (1/1) D:4
   Lair: D:8-11

Altars:
Ashenzari
Cheibriados
Dithmenos
Elyvilon
Fedhas
Gozag
Hepliaklqana
Makhleb
Okawaru
Qazlal
Ru
Sif Muna
Trog
Uskayaw
Vehumet
Xom
Yredelemnul
Zin
The Shining One

Shops:
D:4 *


Innate Abilities, Weirdness & Mutations

You are immune to sickness and miasma.
Your stone body is resilient. (AC +7)
You are immune to poison.
You resist negative energy. (rN+)
You are resistant to electric shocks. (rElec)
You are resistant to unholy torment.
You are immune to petrification.


Message History

There is a stone staircase leading down here.
You fly downwards.
The two-headed ogre shouts in stereo!
The shadow imp shouts!
Found a pair of gloves.
There is a stone staircase leading up here.
The two-headed ogre hits you with a +0 giant spiked club.
The two-headed ogre completely misses you.
You fly upwards.
There is a stone staircase leading down here.
You hit the two-headed ogre.
The two-headed ogre is lightly wounded.
You slash the two-headed ogre!
The two-headed ogre is moderately wounded.
You block the two-headed ogre's attack. The two-headed ogre closely misses you.
You hit the two-headed ogre.
The two-headed ogre is moderately wounded.
The two-headed ogre hits you with a +0 giant spiked club!!
The two-headed ogre hits you with a +0 giant club!
You are too injured to fight recklessly!
There is a stone staircase leading up here.
You fly upwards.
There is a stone staircase leading down here.
You start resting.
HP restored.
You fly downwards.
The two-headed ogre hits you with a +0 giant spiked club!!
The two-headed ogre closely misses you.
There is a stone staircase leading up here.
You slash the two-headed ogre!
The two-headed ogre is lightly wounded.
The two-headed ogre closely misses you.
The two-headed ogre hits you with a +0 giant club.
You are too injured to fight recklessly!
The two-headed ogre attacks as you move away!
The two-headed ogre hits you but does no damage.
The two-headed ogre hits you with a +0 giant club!
* * * LOW HITPOINT WARNING * * *
The two-headed ogre attacks as you move away!
The two-headed ogre hits you with a +0 giant spiked club!
You die...

#....##.##.###)......<........###
.....##.##.###.......######...#
........##...........# #...#
####.##########.#.##.# #>..#
.....# #.#.##.# #...#
############ #.#.##.# #...#
#.....# #.#.##.######...### ##
#.....####.#................ .#
#.........O@.............>.. .#
#.....#####.###............. .#
#..>..# #.# #######.....## .#
####### #.# #.....# .# #.#
#.....# .#### #.# #.....#
....#### #.# #.....# .......# #.#
#^....# ...#...###### #.#
###...##


You could see a two-headed ogre.

Vanquished Creatures
  Joseph (D:7)
  The ghost of crazyjoe98 the Chopper, a novice MiFi (D:5)
  An orange demon (Abyss:1)
  Prince Ribbit (D:5)
  A steam dragon (D:5)
  Menkaure (D:5)
  2 water moccasins
  2 ice beasts (D:5)
  2 black bears (D:6)
  2 wolves (D:6)
  A bullfrog (D:6)
  5 gnoll sergeants
  2 necrophages
  5 scorpions
  A water moccasin skeleton (D:5)
  A howler monkey (D:7)
  11 hounds
  A jelly (D:7)
  2 orc priests
  A centaur skeleton (D:5)
  2 gnoll boudas (D:6)
  3 iguanas
  2 orc wizards
  3 adders
  27 gnolls
  A howler monkey skeleton (D:5)
  An ufetubus (Abyss:1)
  2 worms (D:2)
  2 dart slugs
  17 orcs
  4 ball pythons
  4 endoplasms
  2 giant cockroaches (D:2)
  8 goblins
  4 hobgoblins
  3 jackals (D:6)
  4 quokkas
  5 bats
  2 frilled lizards (D:1)
  13 kobolds
  4 rats
157 creatures vanquished.

Vanquished Creatures (others)
  A jackal (D:6)
  2 plants (D:4)
3 creatures vanquished.

Grand Total: 160 creatures vanquished

Notes
Turn   | Place    | Note
-------+----------+-------------------------------------------
     0 | D:1      | Jakhammer1 the Gargoyle Fighter began the quest for the
                  | Orb.
     0 | D:1      | Reached XP level 1. HP: 14/14 MP: 1/1
   168 | D:1      | Reached skill level 2 in Axes
   180 | D:1      | Reached XP level 2. HP: 19/19 MP: 2/2
   358 | D:1      | Found a faded altar of an unknown god.
   954 | D:2      | Reached XP level 3. HP: 22/23 MP: 3/3
  2009 | D:2      | Reached XP level 4. HP: 16/29 MP: 4/4
  2451 | D:3      | Reached skill level 3 in Axes
  2657 | D:3      | You fall into a shaft and drop 2 floors!
  2657 | D:5      | Entered Level 5 of the Dungeon
  2658 | D:5      | Noticed Menkaure
  2663 | D:5      | Killed Menkaure
  2664 | D:5      | Reached XP level 5. HP: 33/33 MP: 5/5
  2667 | D:5      | Reached XP level 6. HP: 39/39 MP: 6/6
  2693 | D:4      | Found Ceulesaeff's Assorted Antiques.
  2745 | D:4      | Reached skill level 4 in Axes
  2755 | D:4      | Found a staircase to the Ecumenical Temple.
  2762 | Temple   | Entered the Ecumenical Temple
  2941 | Temple   | Became a worshipper of the Shining One
  3448 | D:4      | Reached XP level 7. HP: 44/44 MP: 7/7
  3784 | D:5      | Reached skill level 5 in Armour
  3872 | D:5      | Reached skill level 5 in Fighting
  3918 | D:5      | Reached skill level 5 in Shields
  4029 | D:5      | Found a basalt altar of Yredelemnul.
  4029 | D:5      | Found a blossoming altar of Fedhas.
  4030 | D:5      | Found a stormy altar of Qazlal.
  4031 | D:5      | Found a shimmering altar of Xom.
  4031 | D:5      | Found a shimmering blue altar of Sif Muna.
  4045 | D:5      | Noticed Prince Ribbit
  4056 | D:5      | Reached skill level 5 in Axes
  4059 | D:5      | HP: 1/44 [Prince Ribbit (13)]
  4073 | D:5      | Killed Prince Ribbit
  4074 | D:5      | Reached XP level 8. HP: 18/50 MP: 8/8
  4344 | D:5      | Found a bloodstained altar of Trog.
  4533 | D:5      | Found a runed translucent gate.
  4533 | D:5      | Found a runed translucent gate.
  4534 | D:5      | Found a runed translucent gate.
  4535 | D:5      | Noticed crazyjoe98's ghost (novice MiFi)
  4588 | D:5      | Killed crazyjoe98's ghost
  4589 | D:5      | Reached skill level 6 in Axes
  4589 | D:5      | Reached * piety under the Shining One
  4873 | D:5      | HP: 2/51 [steam dragon (4)]
  4881 | D:5      | Reached XP level 9. HP: 6/56 MP: 9/9
  5240 | D:6      | Reached skill level 7 in Axes
  5702 | Abyss:1  | Cast into level 1 of the Abyss (gnoll sergeant)
  5735 | Abyss:1  | Noticed an orange demon
  5750 | Abyss:1  | Killed an orange demon
  5751 | Abyss:1  | Reached skill level 8 in Axes
  5785 | Abyss:1  | Noticed a worldbinder
  5798 | Abyss:1  | Noticed a necromancer
  5798 | Abyss:1  | Noticed a skeletal warrior
  5803 | Abyss:1  | Noticed a necromancer
  5804 | Abyss:1  | Noticed a necromancer
  5804 | Abyss:1  | Noticed a skeletal warrior
  5804 | Abyss:1  | Noticed a freezing wraith
  5811 | Abyss:1  | Noticed a freezing wraith
  5811 | Abyss:1  | Noticed a necromancer
  5814 | Abyss:1  | Noticed a skeletal warrior
  5814 | Abyss:1  | Noticed a freezing wraith
  5822 | Abyss:1  | Noticed a necromancer
  5822 | Abyss:1  | Noticed a freezing wraith
  5825 | Abyss:1  | Noticed a skeletal warrior
  5833 | Abyss:1  | Noticed a freezing wraith
  5833 | Abyss:1  | Noticed a freezing wraith
  5833 | Abyss:1  | Noticed a necromancer
  5841 | D:6      | Escaped the Abyss
  6106 | D:6      | Found a shadowy altar of Dithmenos.
  6479 | D:7      | Reached skill level 1 in Invocations
  6479 | D:7      | Reached XP level 10. HP: 63/63 MP: 10/10
  6835 | D:7      | Noticed Joseph
  6856 | D:7      | Killed Joseph
  7414 | D:8      | Noticed a two-headed ogre
  7630 | D:7      | Slain by a two-headed ogre

Illustrated notes

Levels and vault maps discovered:
D:1:      dpeg_arrival_simpleton_c, layout_basic,
          chequers_ecumenical_altar_twisty
D:2:      layout_loops_cross, nicolae_hexahallways, feat_on_display
D:3:      layout_basic, minmay_cut_off
D:4:      layout_rooms, minmay_temple_entry_tees, serial_glass, glass_columns_b,
          glass_columns_b, glass_columns_a, glass_columns_a, serial_shops,
          nicolae_shop_overgrown_old_shop
D:5:      layout_cave_pools, grunt_temple_overflow_open,
          mainiacjoe_overflow_brackets, gammafunk_ghost_necromancy,
          uniq_prince_ribbit1, uniq_menkaure
D:6:      layout_cave_pools, grunt_dithmenos_smoke_and_mirrors,
          serial_gnoll_camp, gnoll_camp_huts_basic, gnoll_camp_mini_hut,
          gnoll_camp_mini_house, gnoll_camp_mini_basic,
          gnoll_camp_mini_doghouse, gnoll_camp_mini_basic, minivault_19,
          sigmund_army
D:7:      layout_loops_cross, uniq_joseph
D:8:      layout_basic, dpeg_oklobed_lair, nicolae_water_bricks
Temple:   nicolae_temple_bog_church

Skill      XL: |  1  2  3  4  5  6  7  8  9 10 |
---------------+-------------------------------+-----
Axes           | 2 3 4 5 6 8 |  8.5
Armour         | 4 5 6 7 |  7.8
Fighting       | 4 5 6 7 |  7.7
Shields        | 4 5 6 7 |  7.7
Invocations    | 1 2 |  2.0

Action                   |  1- 3 |  4- 6 |  7- 9 | 10-12 || total
-------------------------+-------+-------+-------+-------++-------
Melee: War axe           |   141 |    97 |   274 |    60 ||   572
Throw: Stone             |       |       |     1 |       ||     1
Invok: Divine Shield     |       |       |     3 |     1 ||     4
  Use: Potion            |       |     1 |     6 |       ||     7
Armor: Scale mail        |    47 |       |       |       ||    47
       Chain mail        |       |    50 |   191 |    23 ||   264
Dodge: Dodged            |    59 |    19 |    93 |    16 ||   187
Block: Buckler           |    85 |    48 |   203 |    29 ||   365
       Reflection        |     1 |       |     2 |     1 ||     4
